 Dungeon Crawl Stone Soup version 0.17-a0-1519-g2001520 (console) character file.

441 Monkaria the Slasher (level 6, -6/56 HPs)
             Began as a Minotaur Skald on July 13, 2015.
             Mangled by an iguana (12 damage)
             ... on level 5 of the Dungeon.
             The game lasted 00:09:35 (3837 turns).

Monkaria the Slasher (Minotaur Skald)               Turns: 3837, Time: 00:09:35

Health: -6/56      AC:  4    Str: 19    XL:     6   Next: 70%
Magic:  7/7        EV: 11    Int:  9    God:
Gold:   189        SH:  0    Dex: 12    Spells: 1 memorised, 6 levels left

rFire  . . .     SeeInvis .     a - +0 falchion
rCold  . . .     Clarity  .     b - +0 leather armour
rNeg   . . .     SustAt   .     (no shield)
rPois  .         Gourm    .     (helmet restricted)
rElec  .         Spirit   .     (no cloak)
rCorr  .         Warding  .     (no gloves)
rMut   .         Stasis   .     C - +0 pair of boots
MR     .....                    (no amulet)
Stlth  +.........               (no ring)
                                A - +3 ring of dexterity

@: not resistant to hostile enchantments, very unstealthy
A: retaliatory headbutt, horns 2
a: no special abilities


You were on level 5 of the Dungeon.
You were very hungry.

You visited 1 branch of the dungeon, and saw 5 of its levels.

You collected 189 gold pieces.

Inventory:

Hand weapons
 a - a +0 falchion (weapon)
 x - a +0 blowgun
Missiles
 y - 30 poisoned needles
Armour
 b - a +0 leather armour (worn)
 C - a +0 pair of boots (worn)
Jewellery
 A - a +3 ring of dexterity (left hand)
Scrolls
 e - 2 scrolls of fog {unknown}
 f - 2 scrolls of immolation {unknown}
 g - 6 scrolls of teleportation {unknown}
 i - 2 scrolls of magic mapping {unknown}
 j - 4 scrolls of enchant armour {unknown}
 k - 3 scrolls of amnesia {unknown}
 l - 7 scrolls of identify {unknown}
 p - a scroll of random uselessness {unknown}
 r - a scroll of enchant weapon {unknown}
 v - 2 scrolls of recharging {unknown}
 B - a scroll of blinking {unknown}
 D - a scroll of fear {unknown}
Potions
 h - a potion of lignification {unknown}
 m - a potion of invisibility {unknown}
 n - a potion of might {unknown}
 o - a potion of resistance {unknown}
 q - a potion of magic {unknown}
 t - 2 potions of heal wounds {unknown}
 w - 2 potions of curing {unknown}
 z - a potion of cure mutation {unknown}
 E - 3 potions of brilliance {unknown}
Books
 c - a book of Battle

   Spells                             Type                      Level
   a - Infusion                       Charms                       1
   b - Shroud of Golubria             Charms/Translocation         2
   c - Song of Slaying                Charms                       2
   d - Spectral Weapon                Hexes/Charms                 3
   e - Regeneration                   Charms/Necromancy            3
Comestibles
 d - 4 bread rations
 s - a meat ration
 u - 3 beef jerkies


   Skills:
 - Level 5.0 Fighting
 + Level 7.5 Long Blades
 - Level 1.2 Armour
 - Level 1.1 Dodging
 - Level 1.3 Spellcasting
 - Level 2.0 Charms


You had 6 spell levels left.
You knew the following spells:

 Your Spells              Type           Power        Failure   Level  Hunger
a - Infusion              Chrm           #.....       21%         1    ##.....


Dungeon Overview and Level Annotations

Branches:
Dungeon (5/15)
 Temple: D:4-7

Altars:
Sif Muna


Innate Abilities, Weirdness & Mutations

You reflexively headbutt those who attack you in melee.
You have a pair of horns on your head.


Message History

You destroy the giant frog skeleton!
You hit the iguana.
The iguana is heavily wounded.
The iguana hisses menacingly.
The iguana bites you but does no damage.
You hit the iguana but do no damage. You headbutt the iguana.
The iguana is severely wounded.
The iguana barely misses you.
You hit the iguana.
The iguana is almost dead.
The iguana bites you!
* * * LOW HITPOINT WARNING * * *
You hit the iguana but do no damage. Your headbutt misses the iguana.
The iguana is almost dead.
The iguana bites you!
* * * LOW HITPOINT WARNING * * *
You hit the iguana but do no damage. Your headbutt misses the iguana.
The iguana is almost dead.
The iguana bites you!
You die...

#......# #..##..# ##..##..#
.......... .......... ...........
#################### .####.##...
.....#...........l.##+#####. #...
.....'..........@#...............
.....#...........#...............
.....#...........+...............
...###...........###.....##....##
...####+####+##### ##+#### #
...#......# # ...'......# #
...#......# + ...#......+ #


You could see an iguana.

Vanquished Creatures
  An ogre (D:4)
  A scorpion (D:5)
  2 hounds (D:4)
  A giant frog skeleton (D:5)
  An iguana (D:4)
  A worker ant (D:4)
  3 adders
  3 gnolls (D:3)
  2 oozes
  An adder skeleton (D:4)
  An adder zombie (D:5)
  3 worms
  2 giant geckos
  5 orcs (D:4)
  6 bats
  2 bat skeletons (D:4)
  5 giant cockroaches
  13 goblins
  6 hobgoblins
  13 jackals
  9 kobolds
  3 giant newts
  12 rats
96 creatures vanquished.

Notes
Turn   | Place    | Note
--------------------------------------------------------------
     0 | D:1      | Monkaria the Minotaur Skald began the quest for the Orb.
     0 | D:1      | Reached XP level 1. HP: 18/18 MP: 1/1
    92 | D:1      | Reached skill level 3 in Fighting
   121 | D:1      | Reached XP level 2. HP: 19/26 MP: 3/3
   277 | D:1      | Reached skill level 4 in Fighting
   631 | D:1      | Reached XP level 3. HP: 33/33 MP: 4/4
  1076 | D:2      | Reached skill level 5 in Fighting
  1714 | D:3      | Reached XP level 4. HP: 38/42 MP: 5/5
  2279 | D:4      | Reached XP level 5. HP: 37/48 MP: 6/6
  2404 | D:4      | Found a deep blue altar of Sif Muna.
  2485 | D:4      | Reached skill level 5 in Long Blades
  2965 | D:4      | Reached skill level 6 in Long Blades
  2965 | D:4      | Reached XP level 6. HP: 49/56 MP: 7/7
  3197 | D:4      | Noticed an ogre
  3338 | D:4      | Killed an ogre
  3413 | D:5      | Entered Level 5 of the Dungeon
  3653 | D:5      | Reached skill level 7 in Long Blades
  3837 | D:5      | Mangled by an iguana

Vault maps used:
D:1:      minmay_arrival_stone_box, grunt_decor_arrowhead
D:4:      old_standard_altar
D:5:      first_bread

Action                   |  1- 3 |  4- 6 || total
-------------------------+-------+-------++-------
Melee: Falchion          |   107 |   153 ||   260
 Fire: Blowgun           |       |     2 ||     2
  Eat: Chunk             |     1 |     7 ||     8
